Map: Tours du crépuscule

Players

eodum - Winner!

  • Race: Zerg Zerg
  • League: Diamond

Worming

  • Race: Zerg Zerg
  • League: Diamond

VOD

Have the link to the VOD?

Description

Time

  • Played on: Dec. 13, 2015, 9:10 a.m.
  • Length: 9:54
Show
View Real Time Build Order
Export as new Build Order

eodum Zerg - Winner!

Build Orders: Hatch First 

Get SALT Encoding   

  12  0:01  Drone  
  13  0:13  Overlord  
  13  0:17  Drone  
  14  0:31  Drone x2  
  16  0:36  Drone  
  17  0:53  Hatchery  
  17  0:55  Drone  
  17  1:09  Spawning Pool  
  17  1:10  Drone  
  17  1:13  Drone  
  17  1:17  Extractor  
  17  1:20  Drone  
  18  1:29  Drone  
  19  1:42  Overlord  
  19  1:51  Drone  
  20  1:56  Queen  
  23  2:01  Zergling x2  
  23  2:06  Zergling x2  
  23  2:07  Queen  
  26  2:12  Drone  
  28  2:22  Drone  
  28  2:23  Drone  
  29  2:30  Drone  
  29  2:32  Queen  
  32  2:39  Drone x2  
  32  2:42  Queen  
  36  2:47  Overlord  
  36  2:48  Overlord  
  34  3:16  Drone x2  
  34  3:17  Drone x2  
  34  3:18  Lair  
  37  3:24  Drone x4  
  37  3:25  Overlord  
  42  3:27  Drone  
  42  3:33  Drone  
  43  3:37  Extractor  
  43  3:38  Drone, Extractor  
  42  3:49  Drone x3  
  45  3:56  Drone x2  
  45  3:57  Drone, Spine Crawler  
  45  4:00  Overlord  
  45  4:01  Extractor  
  46  4:09  Drone x3  
  49  4:10  Drone x2  
  51  4:27  Spire  
  50  4:31  Zergling x2  
  50  4:32  Zergling x8  
  55  4:40  Zergling x4  
  55  4:41  Zergling x6  
  41  5:02  Drone x2  
  41  5:03  Drone x4  
  47  5:07  Overlord  
  47  5:08  Metabolic Boost  
  47  5:18  Drone  
  48  5:27  Drone x2, Hatchery  
  49  5:38  Mutalisk x4  
  49  5:39  Mutalisk  
  59  5:48  Zergling x2  
  59  5:58  Drone  
  59  5:59  Drone x2  
  61  6:11  Hatchery  
  61  6:16  Mutalisk x3  
  66  6:19  Zergling x2  
  66  6:20  Zergling x10  
  72  6:28  Drone  
  72  6:29  Zerg Flyer Weapons Level 1  
  73  6:35  Drone x3  
  73  6:36  Overlord  
  76  6:45  Evolution Chamber  
  75  6:47  Drone  
  75  6:49  Infestation Pit  
  72  7:05  Mutalisk  
  72  7:06  Mutalisk x2  
  73  7:17  Mutalisk  
  73  7:18  Mutalisk  
  75  7:23  Zergling x6  
  75  7:24  Zergling x4  
  75  7:29  Drone x3  
  83  7:31  Spore Crawler  
  83  7:32  Queen  
  84  7:41  Mutalisk x2  
  86  7:44  Spore Crawler  
  85  7:51  Zergling x2  
  85  7:52  Zergling x10  
  85  7:58  Overlord x2  
  90  8:07  Overlord  
  90  8:08  Overlord  
  85  8:20  Mutalisk  
  85  8:21  Mutalisk x3  
  85  8:24  Zergling x10  
  98  8:30  Mutalisk  
  96  8:37  Zergling x2  
  96  8:38  Zergling x12  
  99  8:43  Spine Crawler  
  99  8:44  Spine Crawler  
  99  8:48  Zergling x4  
  97  8:50  Spine Crawler x2  
  97  8:52  Mutalisk  
  97  8:56  Mutalisk  
  97  8:57  Mutalisk  
  97  8:59  Zergling x2  
  85  9:20  Drone x2  
  85  9:21  Drone  
  85  9:23  Mutalisk x2  
  90  9:27  Zergling x4  
Show
View Real Time Build Order
Export as new Build Order

Worming Zerg 

Build Orders: Hatch First 

Get SALT Encoding   

  12  0:01  Drone  
  13  0:12  Overlord  
  13  0:17  Drone  
  14  0:31  Drone x2  
  16  0:39  Drone  
  17  0:52  Hatchery  
  17  0:56  Drone  
  17  1:05  Drone  
  17  1:06  Extractor  
  17  1:15  Spawning Pool  
  17  1:16  Drone  
  17  1:20  Drone  
  18  1:33  Drone  
  20  1:40  Drone  
  20  1:50  Overlord  
  20  2:01  Drone  
  21  2:03  Queen  
  21  2:04  Queen  
  21  2:05  Zergling x2  
  26  2:09  Metabolic Boost  
  26  2:14  Drone  
  27  2:18  Drone  
  27  2:22  Zergling x2  
  29  2:34  Baneling Nest  
  28  2:38  Drone x3  
  28  2:41  Queen  
  35  2:51  Drone x2  
  35  2:54  Overlord  
  35  2:58  Overlord  
  34  3:15  Extractor  
  32  3:27  Zergling x16  
  39  3:38  Drone x2  
  41  3:44  Zergling x2  
  42  3:54  Extractor  
  41  3:58  Overlord  
  41  3:59  Zergling x12  
  41  4:01  Hatchery  
  46  4:03  Baneling x5  
  46  4:04  Baneling  
  46  4:11  Lair  
  46  4:13  Drone  
  46  4:34  Drone x7  
  40  5:02  Zergling x14  
  46  5:12  Spire  
  46  5:13  Extractor  
  44  5:14  Extractor  
  44  5:18  Drone x6  
  49  5:28  Drone  
  49  5:29  Drone  
  49  5:30  Drone  
  52  5:36  Drone x2  
  52  5:37  Drone  
  52  5:38  Drone x4  
  52  5:42  Baneling x5  
  59  5:47  Zergling x4  
  56  6:13  Spore Crawler  
  56  6:14  Spore Crawler  
  56  6:15  Spore Crawler  
  52  6:18  Extractor  
  52  6:19  Drone x2  
  52  6:20  Drone  
  53  6:26  Mutalisk x5, Spine Crawler  
  62  6:33  Queen  
  62  6:38  Overlord  
  64  6:42  Spore Crawler  
  64  6:43  Overlord  
  63  6:49  Baneling x2  
  63  6:50  Baneling x3  
  63  6:59  Zergling x4  
  63  7:10  Queen x2  
  63  7:15  Zergling x18  
  61  7:16  Zergling x6  
  66  7:34  Extractor  
  65  7:39  Overlord x2  
  62  7:59  Drone x3  
  62  8:00  Drone x3  
  60  8:09  Baneling x7, Mutalisk  
  60  8:10  Mutalisk x4  
  59  8:27  Spore Crawler  
  46  8:53  Mutalisk x4  
  47  9:31  Zergling x14  
  48  9:41  Spawning Pool  
Tags
 
Add a new tag
Caveats
  • Supply blocks, unpowered buildings, or Contaminate may cause inaccurate times.
  • Supply counts are checked every 10 seconds.